Map: Acid Plant LE

Players

Denver - Winner!

  • Race: Zerg Zerg
  • Spawn Location: 5:00

Reynor

  • Race: Zerg Zerg
  • Spawn Location: 11:00

Event: WCS Valencia 2018

VOD

Have the link to the VOD?

Description

Time

  • Played on: July 12, 2018, 10:23 a.m.
  • Length: 9:12

All games in this series

Show
View Real Time Build Order
Export as new Build Order

Denver Zerg - Winner!

Build Orders: Hatch First 

Get SALT Encoding   

  12  0:00  Drone  
  13  0:12  Overlord  
  13  0:17  Drone  
  14  0:30  Drone  
  14  0:31  Drone  
  14  0:35  Drone  
  17  0:51  Hatchery  
  17  0:55  Drone  
  17  0:58  Drone  
  18  1:08  Extractor  
  17  1:13  Spawning Pool  
  17  1:16  Drone  
  17  1:20  Drone  
  18  1:28  Drone  
  19  1:39  Overlord  
  19  1:49  Drone  
  20  2:00  Zergling x2, Queen  
  23  2:02  Queen  
  23  2:03  Drone  
  23  2:08  Metabolic Boost  
  26  2:12  Drone  
  26  2:15  Drone  
  28  2:33  Hatchery  
  28  2:34  Drone  
  28  2:37  Drone  
  28  2:42  Zergling x4  
  31  2:49  Baneling Nest  
  31  2:50  Drone  
  31  2:52  Zergling x2  
  31  2:58  Zergling x4  
  34  3:04  Overlord  
  34  3:11  Queen  
  36  3:22  Overlord  
  36  3:23  Drone  
  36  3:24  Drone x2  
  38  3:31  Drone x3  
  38  3:34  Baneling x2  
  41  3:38  Drone x2  
  41  3:40  Drone  
  44  3:41  Drone  
  44  3:45  Drone  
  46  3:48  Zergling x2  
  46  3:49  Zergling x2  
  46  3:53  Evolution Chamber  
  46  3:56  Zergling x6  
  46  4:02  Zergling x2  
  50  4:07  Zergling x4  
  49  4:15  Zergling x8  
  49  4:20  Queen  
  49  4:23  Baneling x4  
  49  4:25  Drone  
  49  4:28  Drone  
  49  4:29  Drone  
  52  4:31  Drone  
  52  4:32  Drone  
  52  4:34  Drone  
  55  4:43  Extractor x2, Roach Warren  
  55  4:44  Drone  
  53  4:51  Drone x4  
  56  4:54  Overlord  
  53  5:01  Zergling x10  
  53  5:04  Overlord  
  58  5:08  Overlord  
  58  5:11  Overlord  
  58  5:14  Overlord  
  58  5:24  Zerg Missile Weapons Level 1  
  56  5:29  Roach  
  56  5:30  Roach x3  
  56  5:33  Overlord  
  56  5:34  Zergling x2  
  56  5:35  Zergling x8  
  65  5:41  Zergling x8, Roach  
  69  5:45  Extractor  
  69  5:49  Roach  
  72  5:50  Zergling x4, Roach  
  72  5:56  Roach  
  72  5:57  Zergling x6  
  77  6:03  Drone x3  
  77  6:04  Drone  
  78  6:09  Roach x2  
  81  6:14  Roach x2  
  85  6:20  Zergling x8  
  89  6:28  Zergling x4  
  89  6:32  Zergling x2  
  90  6:36  Zergling x14  
  95  6:42  Roach  
  94  6:47  Zergling x6  
  94  6:48  Roach  
  94  6:52  Ravager x2  
  94  6:53  Zergling x4  
  96  7:01  Roach x3  
  96  7:07  Roach  
  96  7:08  Roach x2  
  96  7:12  Ravager  
  96  7:13  Baneling x3  
  95  7:16  Zergling x12  
  95  7:18  Baneling  
  100  7:27  Zergling x4, Roach x3  
  100  7:34  Zergling x2, Roach x2  
  101  7:38  Zergling x4  
  101  7:44  Zergling x8  
  100  7:46  Ravager  
  100  7:51  Zergling x4  
  100  7:52  Zergling x6  
  100  7:57  Roach  
  100  7:58  Roach  
  105  8:02  Roach  
  105  8:06  Overlord  
  105  8:10  Zergling x2  
  100  8:16  Zergling x12  
  99  8:22  Roach x3  
  99  8:26  Ravager  
  102  8:33  Zergling x10  
  104  8:36  Roach  
  104  8:41  Roach x4  
  101  8:48  Roach  
  101  8:50  Roach x2  
  104  9:06  Ravager  
Show
View Real Time Build Order
Export as new Build Order

Reynor Zerg 

Build Orders: Hatch First 

Get SALT Encoding   

  12  0:01  Drone  
  13  0:12  Overlord  
  13  0:17  Drone  
  14  0:32  Drone x2  
  14  0:35  Drone  
  17  0:52  Hatchery  
  17  0:56  Drone  
  17  0:59  Drone  
  18  1:10  Extractor  
  17  1:14  Spawning Pool  
  17  1:18  Drone  
  17  1:21  Drone  
  18  1:28  Drone  
  19  1:39  Overlord  
  19  2:01  Zergling x4, Queen  
  21  2:04  Zergling x2, Queen  
  26  2:10  Metabolic Boost  
  26  2:13  Drone  
  27  2:16  Drone  
  28  2:23  Drone  
  28  2:29  Drone  
  30  2:45  Hatchery  
  29  2:52  Overlord, Drone x2  
  29  2:57  Drone  
  29  2:58  Drone  
  33  3:00  Drone  
  34  3:06  Overlord  
  34  3:12  Zergling x2  
  35  3:15  Zergling x6  
  38  3:21  Zergling x6  
  38  3:23  Zergling x2  
  41  3:31  Zergling x4  
  42  3:37  Roach Warren  
  42  3:38  Zergling x2  
  42  3:41  Zergling x2  
  43  3:50  Queen  
  43  3:55  Overlord  
  45  4:01  Zergling x6  
  48  4:04  Drone x4  
  43  4:21  Roach x2  
  43  4:22  Roach x3  
  50  4:26  Roach  
  50  4:29  Roach  
  50  4:31  Roach  
  55  4:37  Overlord  
  55  4:38  Roach  
  57  4:40  Drone  
  57  4:42  Drone  
  57  4:45  Drone  
  60  4:47  Drone  
  60  4:50  Overlord  
  59  4:54  Drone  
  59  4:57  Queen  
  59  4:59  Drone  
  63  5:01  Drone  
  63  5:05  Drone x2  
  65  5:09  Zergling x4  
  65  5:10  Zergling x2  
  68  5:15  Zergling x4  
  68  5:16  Evolution Chamber  
  68  5:18  Drone  
  69  5:21  Extractor  
  69  5:23  Roach, Drone x2  
  62  5:37  Overlord, Ravager  
  62  5:38  Drone x4  
  62  5:39  Drone x4  
  68  5:44  Drone  
  68  5:49  Overlord  
  68  5:50  Drone  
  69  5:57  Drone x2  
  69  6:02  Lair  
  68  6:05  Roach x2  
  68  6:06  Roach x3  
  68  6:09  Extractor  
  68  6:11  Drone  
  72  6:14  Extractor, Zergling x6  
  72  6:15  Zergling x2  
  72  6:16  Roach  
  77  6:18  Queen  
  77  6:22  Roach  
  77  6:23  Overlord  
  81  6:28  Zergling x8, Roach  
  81  6:30  Drone x2  
  87  6:37  Drone x2  
  88  6:41  Drone  
  88  6:42  Drone x2  
  88  6:43  Zerg Missile Weapons Level 1  
  88  6:46  Roach  
  92  6:48  Queen  
  92  6:53  Zergling x4, Roach  
  92  6:54  Zergling x4  
  96  6:59  Drone  
  94  7:03  Extractor, Zergling x6  
  93  7:08  Glial Reconstitution  
  93  7:11  Roach  
  93  7:12  Queen  
  93  7:14  Zergling x4, Roach x2  
  102  7:15  Roach  
  102  7:19  Zergling x4, Roach  
  106  7:25  Zergling x2  
  106  7:27  Roach  
  106  7:28  Zergling x2  
  102  7:31  Zergling x2, Roach x2  
  102  7:35  Roach  
  100  7:37  Roach x2  
  100  7:42  Roach x3  
  94  7:45  Roach  
  94  7:48  Roach  
  94  7:50  Roach  
  96  7:56  Roach  
  80  7:59  Roach  
  80  8:00  Roach x3  
  80  8:02  Roach  
  83  8:08  Roach  
  83  8:10  Roach  
  83  8:11  Roach  
  85  8:18  Roach  
  81  8:24  Roach x2  
  74  8:28  Roach  
  74  8:29  Queen  
  66  8:34  Roach x2  
  66  8:38  Roach  
  57  8:43  Roach  
  47  8:49  Roach  
Tags
 
Add a new tag
Caveats
  • Supply blocks, unpowered buildings, or Contaminate may cause inaccurate times.
  • Supply counts are checked every 10 seconds.